 Dungeon Crawl Stone Soup version 0.17.0-24-gcfadda4 (webtiles) character file.

12 shklvsk the Skirmisher (level 2, -3/24 HPs)
             Began as a Mummy Chaos Knight on Nov 16, 2015.
             Slain by an adder (4 damage)
             ... on level 2 of the Dungeon.
             The game lasted 00:02:11 (608 turns).

shklvsk the Skirmisher (Mummy Chaos Knight)          Turns: 608, Time: 00:02:11

Health: -3/24      AC:  5    Str: 15    XL:     2   Next: 20%
Magic:  2/2        EV: 16    Int: 11    God:    Xom [..*...]
Gold:   21         SH:  0    Dex: 16    Spells: 0 memorised, 1 level left

rFire  x . .     SeeInvis .     a - +0 hand axe (chaos)
rCold  + . .     Clarity  .     b - +2 leather armour
rNeg   + + +     SustAt   .     (no shield)
rPois  ∞         Gourm    .     (no helmet)
rElec  .         Spirit   .     (no cloak)
rCorr  .         Warding  .     (no gloves)
rMut   .         Rnd*Tele +     (no boots)
MR     .....                    (no amulet)
Stlth  ++........               c - ring of teleportation (curse) {+/*tele, !d}
                                d - ring of poison resistance {rPois, !d}

@: agile, not resistant to hostile enchantments, unstealthy
A: no food or potions, fire vulnerability, cold resistance 1, negative energy
resistance 3, torment resistance, unbreathing
a: Renounce Religion, Evoke Teleportation


You were on level 2 of the Dungeon.
You worshipped Xom.
You were a toy of Xom.
You were not hungry.

You visited 1 branch of the dungeon, and saw 2 of its levels.

You collected 21 gold pieces.

Inventory:

Hand Weapons
 a - a +0 hand axe of chaos (weapon)
Armour
 b - a +2 leather armour (worn)
Jewellery
 c - a cursed ring of teleportation (right hand) {+/*tele, !d}
   (You found it on level 1 of the Dungeon)
 d - a ring of poison resistance (left hand) {rPois, !d}
   (You found it on level 1 of the Dungeon)


   Skills:
 + Level 3.1 Fighting
 * Level 2.7 Axes
 + Level 1.6 Armour
 + Level 1.0 Dodging


You had one spell level left.
You didn't know any spells.

Dungeon Overview and Level Annotations

Branches:
Dungeon (2/15)

Altars:


Innate Abilities, Weirdness & Mutations

You do not eat or drink.
Your flesh is vulnerable to fire.
You are immune to poison.
Your flesh is cold resistant.
You are immune to negative energy.
You are immune to unholy pain and torment.
You can survive without breathing.


Message History

The jackal bites you.
You take 2 damage, and have 8/24 hp.
You hit the jackal. You drain the jackal! The jackal barely misses you.
You barely miss the jackal.
The jackal bites you but does no damage.
The jackal bites you.
* * * LOW HITPOINT WARNING * * *
You take 2 damage, and have 6/24 hp.
You closely miss the jackal.
The jackal bites you but does no damage.
The jackal misses you.
You hit the jackal but do no damage. The jackal closely misses you.
You hit the jackal.
You kill the jackal!
You closely miss the jackal. The jackal barely misses you.
The jackal bites you but does no damage.
You barely miss the jackal. The jackal closely misses you.
The jackal closely misses you.
You closely miss the jackal.
The jackal bites you but does no damage.
You hit the jackal. The jackal bites you.
* * * LOW HITPOINT WARNING * * *
The jackal bites you but does no damage.
You take 2 damage, and have 5/24 hp.
You hit the jackal.
You kill the jackal!
You swing at nothing.
You swing at nothing.
You see here a jackal corpse.
You start resting.
Xom grants you insight.
You detect creatures!
You regained 12 hp, and now have 17/24 hp.
You start resting.
Health restored: 24 You see here a dagger.
You see here a goblin skeleton.
A gnoll comes into view. It is wielding a spear.
You see here a goblin skeleton.
The gnoll closely misses you. The gnoll barely misses you.
You see here a goblin skeleton.
You closely miss the gnoll. The gnoll hits you but does no damage.
You barely miss the gnoll. The gnoll hits you but does no damage.
You barely miss the gnoll. The gnoll closely misses you.
You hit the gnoll but do no damage.
Space warps horribly around the gnoll!
The gnoll hits you with a spear.
You take 6 damage, and have 18/24 hp.
MASSIVE DAMAGE!!
You hit the gnoll.
The gnoll flickers and vanishes!
Deactivating autopickup; reactivate with Ctrl-A.
Something hits you.
You take 1 damage, and have 17/24 hp.
You miss something. Something hits you.
A shower of butterflies erupts from you!
You take 6 damage, and have 11/24 hp.
MASSIVE DAMAGE!!
Something hits you but does no damage. Something misses your butterfly.
Found a stone staircase leading down.
There is a stone staircase leading down here.
Something completely misses your butterfly.
You climb downwards.
An adder comes into view.
There is a stone staircase leading up here.
You are too injured to fight recklessly!
You are too injured to fight recklessly!
You are too injured to fight recklessly!
You are too injured to fight recklessly!
You are too injured to fight recklessly!
The adder bites you.
You take 4 damage, and have 8/24 hp.
You barely miss the adder. The adder closely misses you.
You closely miss the adder. The adder bites you.
* * * LOW HITPOINT WARNING * * *
The adder closely misses you.
You take 2 damage, and have 6/24 hp.
You barely miss the adder. The adder bites you but does no damage.
You barely miss the adder. The adder bites you but does no damage.
The adder bites you.
* * * LOW HITPOINT WARNING * * *
You take 1 damage, and have 5/24 hp.
You closely miss the adder. The adder bites you.
* * * LOW HITPOINT WARNING * * *
You take 3 damage, and have 2/24 hp.
You hit the adder. "Go forth and cause havoc, mortal!"
You feel agile all of a sudden. The adder bites you but does no damage.
The adder barely misses you.
You can't drink.
You aren't carrying any spellbooks or scrolls.
You miss the adder. The adder bites you.
* * * LOW HITPOINT WARNING * * *
The adder barely misses you.
You take 1 damage, and have 1/24 hp.
Okay, then.
Okay, then.
You hit the adder but do no damage. The adder closely misses you.
You hit the adder but do no damage. The adder bites you.
You die...

####.#####
......S@<#
####.##..#
#..# #..#
#..# #.$#
.... ##.#


You could see an adder.

Vanquished Creatures
  A giant cockroach (D:1)
  A hobgoblin (D:1)
  4 jackals (D:1)
  3 bats (D:1)
  2 goblins (D:1)
11 creatures vanquished.

Notes
Turn   | Place    | Note
--------------------------------------------------------------
     0 | D:1      | shklvsk the Mummy Chaos Knight began the quest for the Orb.
     0 | D:1      | Reached XP level 1. HP: 18/18 MP: 1/1
   276 | D:1      | XOM: harmless Air miscast
   279 | D:1      | Reached skill level 1 in Dodging
   281 | D:1      | XOM: butterfly on damage
   282 | D:1      | Reached XP level 2. HP: 10/24 MP: 2/2
   297 | D:1      | HP: 6/24 [jackal (2)]
   304 | D:1      | HP: 5/24 [jackal (2)]
   458 | D:1      | XOM: divination: detect creatures
   585 | D:1      | XOM: butterfly on damage
   601 | D:2      | HP: 6/24 [adder (3)]
   604 | D:2      | HP: 2/24 [adder (3)]
   605 | D:2      | XOM: potion effect (agility)
   608 | D:2      | Slain by an adder

Action                   || total
-------------------------++-------
Melee: Hand axe          ||    50

Vault maps used:
D:1:      zelgadis_glass_arrival_large, serial_forest,
          infiniplex_forest_straight_2, infiniplex_forest_end_1,
          infiniplex_forest_straight_2, infiniplex_forest_clump_large,
          infiniplex_forest_clump_double, infiniplex_forest_lined_corner,
          infiniplex_forest_clump_tiny, infiniplex_forest_clump_C,
          infiniplex_forest_lined_3, nemelex_diamond_rough_becter
D:2:      minmay_liquid_box

Table legend:
 A = Turns spent in this place as a percentage of turns spent in the entire game.
 B = Non-inter-level travel turns spent in this place as a percentage of non-inter-level travel turns spent in the entire game.
 C = Inter-level travel turns spent in this place as a percentage of turns spent in this place.
 D = Turns resting spent in this place as a percentage of non-inter-level travel turns spent in this place.
 E = Turns spent auto-exploring this place as a percentage of non-inter-level travel turns spent in this place.
 F = Non-inter-level travel turns spent in this place divided by the number of levels of this place that you've seen.
                   A       B       C       D       E      F
               +-------+-------+-------+-------+-------+----------------------
         Total | 100.0 | 100.0 |   0.0 |   2.3 |   4.1 | 111.0
       Dungeon | 100.0 | 100.0 |   0.0 |   2.3 |   4.1 | 111.0
               +-------+-------+-------+-------+-------+----------------------

Table legend:
 A = Kills in this place as a percentage of kills in entire the game.
 B = Kills by you in this place as a percentage of kills by you in the entire game.
 C = Kills by friends in this place as a percentage of kills by friends in the entire game.
 D = Other kills in this place as a percentage of other kills in the entire game.
 E = Experience gained in this place as a percentage of experience gained in the entire game.
 F = Experience gained in this place divided by the number of levels of this place that you have seen.
                   A       B       C       D       E      F
               +-------+-------+-------+-------+-------+----------------------
         Total | 100.0 | 100.0 |  -nan |  -nan | 100.0 |   9.0
       Dungeon | 100.0 | 100.0 |  -nan |  -nan | 100.0 |   9.0
               +-------+-------+-------+-------+-------+----------------------
